 Dungeon Sprint DCSS version 0.31-a0-920-g28cbb04a8c (webtiles) character file.

Game seed: 18185936028711586624

3567 sircluck the Grappler (level 9, -41/106 HPs)
             Began as a Troll Berserker on Oct 17, 2023.
             Was the Champion of Trog.
             Killed from afar by Azrael (42 damage)
             ... with a bolt of fire
             ... in the Dungeon (Sprint VII: "The Pits").
             The game lasted 00:01:58 (991 turns).

sircluck the Grappler (Troll Berserker)              Turns: 991, Time: 00:02:00

Health: -41/106    AC:  7    Str: 31    XL:     9   Next: 84%
Magic:  8/8        EV: 14    Int:  1    God:    Trog [******]
Gold:   0          SH:  4    Dex: 12    Spells: 8/8 levels left

rFire   . .          .
                       - Unarmed
rCold   . . .        (no shield)
rNeg    . . .        a - +0 animal skin
rPois   .            (helmet restricted)
rElec   .            (no cloak)
rCorr   .            (gloves unavailable)
SInv    .            (boots unavailable)
Will    .....        (no amulet)
Stlth   +            k - +3 ring of dexterity
HPRegen 1.17/turn    l - +3 ring of protection
MPRegen 0.11/turn

%: no teleportation
@: lethally poisoned (-41 -> -46), on berserk cooldown, slowed, very slow
A: large, unfitting armour, claws 3, regeneration 1, shaggy fur 1, tough skin 1,
horns 1, large bone plates 1, dopey 1, sense surroundings 1
a: Renounce Religion, Berserk, Trog's Hand, Brothers in Arms


You were in the Dungeon.
You worshipped Trog.
Trog was exalted by your worship.
You visited 1 branch

Inventory:

Armour
 a - a +0 animal skin (worn)
Jewellery
 k - a +3 ring of dexterity (left claw)
 l - a +3 ring of protection (right claw)
Scrolls
 g - a scroll of blinking
 i - 2 scrolls of vulnerability
 j - a scroll of summoning
Potions
 b - 9 potions of curing
 c - 6 potions of heal wounds
 d - 2 potions of haste
 e - 4 potions of magic
 f - 4 potions of berserk rage
 h - 2 potions of invisibility
 m - 2 potions of might


   Skills:
 + Level 11.7 Fighting
 + Level 11.5 Dodging
 + Level 13.6 Unarmed Combat


You had 8 spell levels left.
You didn't know any spells.
Your spell library was empty.

Dungeon Overview and Level Annotations

Branches:
Dungeon (1/1)

Altars:
Ashenzari
Cheibriados
Dithmenos
Elyvilon
Fedhas
Gozag
Hepliaklqana
Kikubaaqudgha
Makhleb
Nemelex Xobeh
Okawaru
Qazlal
Ru
Sif Muna
Trog
Uskayaw
Vehumet
Wu Jian
Xom
Yredelemnul
Zin
The Shining One
Jiyva
Lugonu

Annotations:
D Azrael


Innate Abilities, Weirdness & Mutations

You are too large for most types of armour.
You have claws for hands.
Your natural rate of healing is unusually fast.
You are covered in fur. (AC +1)
You have tough skin. (AC +1)
You have a pair of small horns on your head.
You are partially covered in large bone plates. (SH +4)
You are dopey. (Int -2)
You passively map a small area around you.


Message History

You hear a splash.
The wave splashes down.
You mangle the merfolk aquamancer!!
You kill the merfolk aquamancer!
Trog accepts your kill.
Trog appreciates your killing of a magic user.
The nagaraja mumbles some strange words.
The nagaraja seems to speed up.
Unknown command.
You mangle the naga!!
The naga is almost dead.
You eviscerate the naga!!!
You kill the naga!
Trog accepts your kill. The nagaraja casts a spell at you.
The bolt of poison hits you!!
You are poisoned.
You hear a shout!
You hear a splash. x2
You slam the door shut with a bang, pushing everything out of the way!
Things that are here:
a +0 robe; a +0 long sword You are no longer berserk.
You are exhausted.
You feel yourself slow down.
You feel very sick.
You hear a shout!
Something unseen breaks down the door.
You hear a bark!
Unknown command.
Unknown command.
Unknown command.
You feel extremely sick. The efreet gestures at you.
The fireball explodes!
The fireball engulfs you!!
* * * LOW HITPOINT WARNING * * *
Azrael gestures at you.
The bolt of fire hits the efreet.
The efreet completely resists.
The bolt of fire hits you!!!
You die...

* , , + , , , , , , , , ,
, , , , , , , , , , + , *
***** ** * , ,
###################### ,
,,,*#............§~~.....+
*#...........@§)~.....+ ,
, #..###########'####..# ,
*#..# * * #~#§# , *#..# ,
, #d# #R#* #..# #S# #R#
*#..#, #m# ,## #..# #4# *,
, , *#..###############
#####................., *


There were no monsters in sight!

Vanquished Creatures
  A merfolk aquamancer (D)
  A boulder beetle (D)
  A deep elf zephyrmancer (D)
  An elephant (D)
  An orange demon (D)
  An ice devil (D)
  A rime drake (D)
  A naga (D)
  An ice beast (D)
  A sky beast (D)
  A centaur (D)
  A necrophage (D)
  4 wights (D)
  A gnoll bouda (D)
  2 orc priests (D)
  An orc wizard (D)
  4 gnolls (D)
  2 river rats (D)
  A worm (D)
  4 orcs (D)
  A bat zombie (D)
  3 hobgoblins (D)
  A quokka (D)
  2 bats (D)
  A kobold (D)
  A quokka skeleton (D)
  A rat (D)
41 creatures vanquished.

Vanquished Creatures (others)
  A naga (D)
1 creature vanquished.

Grand Total: 42 creatures vanquished

Notes
Turn   | Place    | Note
-------+----------+-------------------------------------------
     0 | D        | sircluck the Troll Berserker began the quest for the Orb.
     0 | D        | Reached XP level 1. HP: 22/22 MP: 0/0
    21 | D        | Noticed an ice beast
    31 | D        | Killed an ice beast
    32 | D        | Reached skill level 5 in Unarmed Combat
    32 | D        | Reached XP level 2. HP: 33/33 MP: 1/1
    32 | D        | Reached XP level 3. HP: 41/41 MP: 2/2
    32 | D        | Reached XP level 4. HP: 49/49 MP: 3/3
    61 | D        | Noticed an ice devil
    70 | D        | Killed an ice devil
    71 | D        | Reached skill level 8 in Unarmed Combat
    71 | D        | Reached XP level 5. HP: 9/62 MP: 4/4
    71 | D        | Reached XP level 6. HP: 10/71 MP: 5/5
   116 | D        | Noticed a deep elf zephyrmancer
   121 | D        | Killed a deep elf zephyrmancer
   121 | D        | Reached ** piety under Trog
   122 | D        | Reached skill level 10 in Unarmed Combat
   122 | D        | Reached XP level 7. HP: 81/81 MP: 6/6
   329 | D        | Found a bloodstained altar of Trog.
   329 | D        | Found a shimmering blue altar of Sif Muna.
   329 | D        | Found a viscous altar of Jiyva.
   329 | D        | Found a hazy altar of Hepliaklqana.
   329 | D        | Found an opulent altar of Gozag.
   330 | D        | Found a glowing golden altar of the Shining One.
   330 | D        | Found a glowing silver altar of Zin.
   330 | D        | Found a basalt altar of Yredelemnul.
   330 | D        | Found a shimmering altar of Xom.
   330 | D        | Found an ornate altar of the Wu Jian Council.
   330 | D        | Found a sacrificial altar of Ru.
   330 | D        | Found a stormy altar of Qazlal.
   330 | D        | Found an iron altar of Okawaru.
   330 | D        | Found a sparkling altar of Nemelex Xobeh.
   330 | D        | Found a burning altar of Makhleb.
   330 | D        | Found a blossoming altar of Fedhas.
   330 | D        | Found a white marble altar of Elyvilon.
   330 | D        | Found a shadowy altar of Dithmenos.
   330 | D        | Found a snail-covered altar of Cheibriados.
   333 | D        | Found a corrupted altar of Lugonu.
   333 | D        | Found a radiant altar of Vehumet.
   334 | D        | Found an ancient bone altar of Kikubaaqudgha.
   334 | D        | Found a hide-covered altar of Uskayaw.
   334 | D        | Found a broken altar of Ashenzari.
   382 | D        | Reached *** piety under Trog
   396 | D        | Reached **** piety under Trog
   462 | D        | Reached ***** piety under Trog
   463 | D        | Reached XP level 8. HP: 25/92 MP: 7/7
   550 | D        | Received a gift from Trog
   569 | D        | Reached skill level 11 in Unarmed Combat
   575 | D        | Reached ****** piety under Trog
   601 | D        | Noticed an elephant
   607 | D        | Killed an elephant
   607 | D        | Received a gift from Trog
   608 | D        | Reached skill level 10 in Fighting
   643 | D        | Noticed an orange demon
   643 | D        | Noticed a boulder beetle
   654 | D        | Killed an orange demon
   655 | D        | Reached skill level 10 in Dodging
   655 | D        | Reached skill level 12 in Unarmed Combat
   659 | D        | Killed a boulder beetle
   660 | D        | Reached XP level 9. HP: 42/102 MP: 8/8
   863 | D        | Gained mutation: Your spells are a little easier to cast,
                  | but a little less powerful. [potion of mutation]
   863 | D        | Gained mutation: You have an increased reservoir of magic.
                  | (+10% MP) [potion of mutation]
   863 | D        | Gained mutation: You are dopey. (Int -2) [potion of
                  | mutation]
   864 | D        | Lost mutation: Your spells are a little easier to cast, but
                  | a little less powerful. [potion of mutation]
   864 | D        | Lost mutation: You have an increased reservoir of magic.
                  | (+10% MP) [potion of mutation]
   864 | D        | Gained mutation: You have a pair of small horns on your
                  | head. [potion of mutation]
   864 | D        | Gained mutation: You passively map a small area around you.
                  | [potion of mutation]
   864 | D        | Gained mutation: You are partially covered in large bone
                  | plates. (SH +4) [potion of mutation]
   886 | D        | Received a gift from Trog
   975 | D        | Noticed a rime drake
   975 | D        | Noticed an efreet
   975 | D        | Noticed a rust devil
   975 | D        | Noticed a red draconian
   975 | D        | Noticed Azrael
   975 | D        | Noticed an anaconda
   975 | D        | Noticed a merfolk aquamancer
   979 | D        | Killed a rime drake
   980 | D        | Reached skill level 13 in Unarmed Combat
   980 | D        | Noticed a merfolk
   985 | D        | Noticed a nagaraja
   987 | D        | Killed a merfolk aquamancer
   991 | D        | HP: 1/106 [efreet/fireball (32)]
   991 | D        | Killed from afar by Azrael

Illustrated notes

Levels and vault maps discovered:
D:        pitsprint [storerooms_1, entrance_room_1, metal_vault_3, armoury_1,
          mini_pit_1, grid_room_1, main_hall_1, silver_pit, the_coven_3,
          the_vestibule_1, steel_vault_3, golden_pit, hallway_of_sentries,
          crystal_vault_6, iron_vault_4, final_vault]

Skill      XL: |  1  2  3  4  5  6  7  8  9 |
---------------+----------------------------+-----
Fighting       | 4 7 8 9 10 11 | 11.7
Dodging        | 4 6 8 9 10 11 | 11.5
Unarmed Combat | 5 8 10 12 13 | 13.6

Action                     |  1- 3 |  4- 6 |  7- 9 || total
---------------------------+-------+-------+-------++-------
  Melee: Unarmed           |     3 |     8 |    92 ||   103
         Punch             |       |     1 |     6 ||     7
         Headbutt          |       |       |     4 ||     4
 Invoke: Berserk           |     1 |     2 |     2 ||     5
    Use: Potion            |       |       |     2 ||     2
 Armour: Animal skin       |     1 |     3 |    56 ||    60
  Dodge: Dodged            |       |       |    26 ||    26
  Block: Other             |       |       |     1 ||     1

Table legend: (Time is in decaauts)
 A = Elapsed time spent in this place.
 B = Non-inter-level travel time spent in this place.
 C = Inter-level travel time spent in this place.
 D = Time resting spent in this place.
 E = Time spent auto-exploring this place.
 F = Levels seen in this place.
 G = Mean time per level.
                   A        B        C        D        E       F      G
               +--------+--------+--------+--------+--------+-----+--------+
         Total |    997 |    997 |      0 |    449 |    282 |   1 |  997.0 |
       Dungeon |    997 |    997 |      0 |    449 |    282 |   1 |  997.0 |
               +--------+--------+--------+--------+--------+-----+--------+

Top non-repeatable levels by time:
       D: 997 daAuts
